 Dungeon Crawl Stone Soup version 0.21.0 (webtiles) character file.

189 MrSlowpoke the Cudgeler (level 5, -2/54 HPs)
             Began as a Troll Monk on July 2, 2018.
             Slain by Sanvito's ghost (14 damage)
             ... on level 3 of the Dungeon.
             The game lasted 00:20:02 (1763 turns).

MrSlowpoke the Cudgeler (Troll Monk)                Turns: 1763, Time: 00:20:03

Health: -2/54      AC:  6    Str: 20      XL:     5   Next: 40%
Magic:  4/4        EV: 11    Int:  6      God:
Gold:   141        SH:  0    Dex:  9 (10) Spells: 4/4 levels left

rFire    . . .     SeeInvis +   a - +0 mace {Palka-Ybivalka}
rCold    . . .     Gourm    +   (no shield)
rNeg     . . .     Faith    .   b - +0 robe
rPois    .         Spirit   .   (helmet restricted)
rElec    .         Reflect  .   (no cloak)
rCorr    .         Harm     .   (gloves unavailable)
MR       .....                  (boots unavailable)
Stlth    ++........             (no amulet)
HPRegen  0.58/turn              e - ring of stealth
MPRegen  0.09/turn              h - ring of see invisible

@: no status effects
A: large, unfitting armour, claws 3, rugged brown scales 1, clumsy 1, fast
metabolism 3, gourmand, regeneration 1, shaggy fur 1, tough skin 2
a: no special abilities


You were on level 3 of the Dungeon.
You were not hungry.

You visited 1 branch of the dungeon, and saw 3 of its levels.

You collected 141 gold pieces.

Inventory:

Hand Weapons
 a - a +0 mace (weapon) {Palka-Ybivalka}
Missiles
 j - 10 poisoned needles
Armour
 b - a +0 robe (worn)
Magical Staves
 k - an uncursed staff of energy
Jewellery
 e - a ring of stealth (left claw)
 h - a ring of see invisible (right claw)
Scrolls
 f - a scroll of teleportation
 g - a scroll of remove curse
Potions
 d - 3 potions of curing
 i - a potion of flight {unknown}
 l - a potion of haste
 n - a potion of heal wounds {unknown}
Comestibles
 c - a ration


   Skills:
 + Level 3.1 Fighting
 + Level 3.7(3.8) Maces & Flails
 + Level 0.5(2.1) Staves
 + Level 3.5 Dodging
 + Level 1.4 Stealth


You had 4 spell levels left.
You didn't know any spells.

Dungeon Overview and Level Annotations

Branches:
Dungeon (3/15)

Altars:
Makhleb
Wu Jian

Annotations:
D:3 Sanvito's ghost, weakling MiFi


Innate Abilities, Weirdness & Mutations

You are too large for most types of armour.
You have claws for hands.
Your metabolism is lightning-fast.
You like to eat raw meat.
Your natural rate of healing is unusually fast.
You are covered in fur. (AC +1)
You have very tough skin. (AC +2)
You are partially covered in rugged brown scales. (AC +1, +3% HP)
You are clumsy. (Dex -2)


Message History

There is an open door here.
You eat one of the 2 rations.
That ration really hit the spot!
Sanvito's ghost (weakling Minotaur Fighter) comes into view.
A goblin comes into view. It is wielding a club.
Sanvito's ghost hits you.
Found a ring mail.
Sanvito's ghost hits you. Sanvito's ghost hits you.
You hit Sanvito's ghost.
Sanvito's ghost is lightly damaged.
Sanvito's ghost hits you!!
You hear a shout!
You hit Sanvito's ghost.
Sanvito's ghost is moderately damaged.
Sanvito's ghost hits you! x2
* * * LOW HITPOINT WARNING * * *
You hit Sanvito's ghost but do no damage.
Sanvito's ghost is moderately damaged.
Sanvito's ghost hits you!
You die...

#. #. #[ #. #.
######.###
#........###############
#...gW@............#
#........###.......###.#
#.###....# #.##..#.# #.#
##.#.# #.##..#.###.# #
.....# #.##.....##.# .#
###.### #.##.##..##.#
####. ##'##
#.##)##..##.# .#..
##...## #.##.##..##.#
.#.#
##.....###...........#


You could see Sanvito's ghost and a goblin.

Vanquished Creatures
  An orc wizard (D:3)
  Terence (D:2)
  6 adders
  A worm (D:2)
  4 leopard geckos
  9 orcs (D:3)
  A ball python (D:3)
  3 giant cockroaches (D:2)
  6 goblins
  6 hobgoblins
  8 jackals
  4 kobolds
  4 quokkas
  7 bats
  2 frilled lizards (D:2)
  3 rats
66 creatures vanquished.

Vanquished Creatures (others)
  A bat (D:2)
1 creature vanquished.

Grand Total: 67 creatures vanquished

Notes
Turn   | Place    | Note
-------+----------+-------------------------------------------
     0 | D:1      | MrSlowpoke the Troll Monk began the quest for the Orb.
     0 | D:1      | Reached XP level 1. HP: 22/22 MP: 0/0
   278 | D:1      | Reached XP level 2. HP: 26/29 MP: 1/1
   364 | D:2      | Noticed Terence
   410 | D:2      | Killed Terence
   410 | D:2      | Reached XP level 3. HP: 23/36 MP: 2/2
   555 | D:2      | Paralysed by fainting for 6 turns
   563 | D:2      | Paralysed by fainting for 9 turns
   572 | D:2      | Paralysed by fainting for 6 turns
   808 | D:2      | Reached XP level 4. HP: 42/44 MP: 3/3
  1013 | D:2      | Gained mutation: You are clumsy. (Dex -2) [potion of mutation]
  1013 | D:2      | Gained mutation: You are partially covered in rugged brown scales. (AC +1, +3% HP) [potion of mutation]
  1041 | D:3      | Found a burning altar of Makhleb.
  1155 | D:3      | Reached XP level 5. HP: 24/54 MP: 4/4
  1221 | D:3      | Found an ornate altar of the Wu Jian Council.
  1751 | D:3      | Noticed Sanvito's ghost (weakling MiFi)
  1763 | D:3      | Slain by Sanvito's ghost

Skill      XL: |  1  2  3  4 |
---------------+-------------+-----
Maces & Flails | 3 |  3.7
Dodging        | 3 |  3.5
Fighting       | 3 |  3.1
Staves         | |  0.5
Stealth        | |  1.4

Action                   |  1- 3 |  4- 6 || total
-------------------------+-------+-------++-------
Melee: Mace              |   172 |   116 ||   288
       Staff             |       |    21 ||    21
  Use: Scroll            |     4 |     5 ||     9
       Potion            |     2 |     1 ||     3
 Stab: Sleeping          |     2 |     4 ||     6
  Eat: Ration            |     2 |     3 ||     5
Armor: Robe              |   124 |    43 ||   167
Dodge: Dodged            |   162 |    90 ||   252
